 Dungeon Crawl Stone Soup version 0.29.1-12-g30fa7ad0bf (webtiles) character file.

Game seed: 9091827754099316865

113 javelincjr the Conjurer (level 4, -1/24 HPs)
             Began as a Deep Elf Conjurer on Dec 19, 2022.
             Slain by an orc
             ... wielding a +0 mace
              (5 damage)
             ... on level 3 of the Dungeon.
             The game lasted 00:10:57 (2344 turns).

javelincjr the Conjurer (Deep Elf Conjurer)         Turns: 2344, Time: 00:10:57

Health: -1/24      AC:  2    Str:  6    XL:     4   Next: 65%
Magic:  12/12      EV: 12    Int: 23    God:
Gold:   104        SH:  0    Dex: 13    Spells: 8/11 levels left

rFire   . . .      SeeInvis .   g - staff of conjuration
rCold   . . .      Faith    .   (no shield)
rNeg    . . .      Spirit   .   a - +0 robe
rPois   .          Reflect  .   (no helmet)
rElec   .          Harm     .   (no cloak)
rCorr   .          Rampage  .   (no gloves)
Will    .....                   (no boots)
Stlth   ++........              (no amulet)
HPRegen 0.08/turn               (no ring)
MPRegen 0.13/turn               (no ring)

@: no status effects
A: no striking features
a: no special abilities


You were on level 3 of the Dungeon.
You visited 1 branch of the dungeon, and saw 3 of its levels.

You collected 104 gold pieces.

Inventory:

Hand Weapons
 e - a +0 short sword
Missiles
 c - 6 poisoned darts
Armour
 a - a +0 robe (worn)
 d - +0 fire dragon scales
Magical Staves
 g - a staff of conjuration (weapon)
Wands
 j - a wand of flame (14)
Scrolls
 f - a scroll of teleportation {unknown}
 h - a scroll of enchant armour {unknown}
 i - a scroll of blinking {unknown}
 k - a scroll of identify {unknown}
Potions
 l - a potion of curing


   Skills:
 + Level 0.4 Armour
 + Level 2.7 Dodging
 + Level 2.6 Stealth
 + Level 0.3 Unarmed Combat
 + Level 4.0 Spellcasting
 + Level 5.9 Conjurations


You had 8 spell levels left.
You knew the following spells:

 Your Spells              Type           Power      Damage    Failure   Level
a - Magic Dart            Conj           100%       1d8       1%          1
b - Searing Ray           Conj           94%        2d7       1%          2

Your spell library contained the following spells:

 Spells                   Type           Power      Damage    Failure   Level
 Dazzling Flash           Conj/Hex       54%        N/A       10%         3
 Mephitic Cloud           Conj/Pois/Air  20%        N/A       14%         3
 Call Imp                 Summ           4%         N/A       16%         2
 Fulminant Prism          Conj/Hex       13%        3d9       30%         4
 Iskenderun's Mystic Bla  Conj/Tloc      27%        2d7       30%         4


Dungeon Overview and Level Annotations

Branches:
Dungeon (3/15)

Altars:


Message History

Confirm with . or Enter, or press ? or * to list all spells.
Aiming: Searing Ray (safe; 1% risk of failure)
Press: ? - help, Shift-Dir - straight line, f - orc
Aim: an orc, wielding a +0 flail (almost dead, 82% to hit)
You feel a surge of power!
The searing ray hits the orc!
You kill the orc!
The searing ray hits the orc!
You kill the orc! (Press . to maintain the ray.)
Your Spellcasting skill increases to level 4!
Things that are here:
a +0 flail; an orc corpse An orc comes into view.
It is wielding a +0 mace.
Things that are here:
a +0 flail; an orc corpse You see here a +0 club.
You hit the orc but do no damage. The orc barely misses you.
Casting: Searing Ray (safe; 1% risk of failure)
Confirm with . or Enter, or press ? or * to list all spells.
Aiming: Searing Ray (safe; 1% risk of failure)
Press: ? - help, Shift-Dir - straight line, f - orc
Aim: an orc, wielding a +0 mace and wearing a +0 chain mail (87% to hit)
You feel a surge of power!
The searing ray hits the orc.
The orc is moderately wounded. (Press . to maintain the ray.)
The orc hits you with a +0 mace.
The searing ray misses the orc.
The orc barely misses you.
The searing ray hits the orc.
The orc is heavily wounded.
The orc hits you with a +0 mace!
The searing ray hits the orc.
The orc is severely wounded.
You finish channelling your searing ray.
The orc hits you with a +0 mace.
You hit the orc but do no damage.
The orc is severely wounded.
The orc hits you with a +0 mace.
* * * LOW HITPOINT WARNING * * *
Magic courses through your body. The orc hits you with a +0 mace.
You die...

#...# #.. #.#
##. #.# ##
#.# # #.# #.#
#.# ######
#o# #.....
#####@#
#.####
#..)).#
#.....
#####.#####
#..###
#.......#
#..#
#.......#####
#..#
#............
#..#
#........##..
#..###
#........#
#.....
#........#
##.###


You could see an orc.

Vanquished Creatures
  An orc priest (D:3)
  3 adders (D:2)
  4 worms
  3 dart slugs
  2 orcs (D:3)
  4 endoplasms
  A giant cockroach (D:2)
  2 goblins (D:2)
  4 hobgoblins
  2 jackals (D:2)
  A ball python (D:2)
  2 bats
  2 frilled lizards
  4 kobolds
  4 rats
39 creatures vanquished.

Vanquished Creatures (others)
  9 demonic plants (D:2)
  6 fungi (D:2)
  6 plants
  7 withered plants (D:2)
28 creatures vanquished.

Grand Total: 67 creatures vanquished

Notes
Turn   | Place    | Note
-------+----------+-------------------------------------------
     0 | D:1      | javelincjr the Deep Elf Conjurer began the quest for the
                  | Orb.
     0 | D:1      | Reached XP level 1. HP: 10/10 MP: 6/6
   674 | D:1      | Reached XP level 2. HP: 15/15 MP: 2/8
   677 | D:1      | Learned a level 2 spell: Searing Ray
  1242 | D:2      | Reached skill level 5 in Conjurations
  1242 | D:2      | Reached XP level 3. HP: 8/19 MP: 2/9
  1298 | D:2      | Found a faded altar of an unknown god.
  1826 | D:2      | Reached XP level 4. HP: 24/24 MP: 11/11
  2344 | D:3      | Slain by an orc

Illustrated notes

Levels and vault maps discovered:
D:1:      amcnicky_arrival_wind_blow, layout_basic, serial_bayou_pond_c
D:2:      layout_basic, shapermc_ecumenical_altar_gd, minmay_misc_feat_x
D:3:      layout_basic, serial_curves, eino_curves_02, eino_curves_02,
          uniq_robin, uniq_terence

Skill      XL: |  1  2  3  4 |
---------------+-------------+-----
Conjurations   | 5 |  5.9
Spellcasting   | 4 |  4.0
Armour         | |  0.4
Dodging        | |  2.7
Stealth        | |  2.6
Unarmed Combat | |  0.3

Action                   |  1- 3 |  4- 6 || total
-------------------------+-------+-------++-------
Melee: Unarmed           |    19 |       ||    19
       Staff             |     5 |     3 ||     8
 Cast: Magic Dart        |    40 |     4 ||    44
       Searing Ray       |    10 |     5 ||    15
  Use: Potion            |     2 |     1 ||     3
Armor: Fire dragon scale |    11 |       ||    11
       Robe              |     3 |       ||     3
Dodge: Dodged            |     4 |     2 ||     6
